 Dungeon Crawl Stone Soup version 0.17-a0-1979-g1c74939 (webtiles) character file.

205 tp1 the Skirmisher (level 5, -3/34 HPs)
             Began as a Gargoyle Berserker on Oct 5, 2015.
             Was a Priest of Trog.
             Blown up by Ijyb (11 damage)
             ... with a wand of disintegration
             ... on level 3 of the Dungeon.
             The game lasted 00:19:56 (1878 turns).

tp1 the Skirmisher (Gargoyle Berserker)             Turns: 1878, Time: 00:19:56

Health: -3/34      AC: 11    Str: 22    XL:     5   Next: 83%
Magic:  5/5        EV: 11    Int:  7    God:    Trog [***...]
Gold:   107        SH:  0    Dex:  9    Spells: 0 memorised, 4 levels left

rFire  . . .     SeeInvis .     v - -2 flail (curse)
rCold  . . .     Clarity  .     n - +0 ring mail
rNeg   + . .     SustAt   .     (no shield)
rPois  ∞         Gourm    .     m - +1 helmet
rElec  +         Spirit   .     (no cloak)
rCorr  .         Warding  .     (no gloves)
rMut   .         Stasis   .     (no boots)
MR     .....                    (no amulet)
Stlth  ..........               (no ring)
                                (no ring)

@: not resistant to hostile enchantments, extremely unstealthy
A: negative energy resistance 1, electricity resistance, unbreathing,
petrification resistance, rot immunity, AC +4
a: Burn Spellbooks, Berserk, Trog's Hand, Renounce Religion


You were on level 3 of the Dungeon.
You worshipped Trog.
Trog was most pleased with you.
You were not hungry.

You visited 1 branch of the dungeon, and saw 3 of its levels.

You collected 107 gold pieces.

Inventory:

Hand Weapons
 a - a +0 hand axe
 r - a +0 mace
 s - a +0 flail
 t - a +0 mace
 v - a cursed -2 flail (weapon)
Armour
 b - a +0 animal skin
 h - a +0 helmet
 k - a +1 ring mail
 m - a +1 helmet (worn)
 n - a +0 ring mail (worn)
 p - a +0 plate armour
Jewellery
 o - a cursed -3 ring of intelligence {unknown}
Scrolls
 e - a scroll of teleportation
 f - 2 scrolls of enchant armour
Potions
 d - a potion of brilliance {unknown}
 g - a potion of haste {unknown}
 i - 4 potions of lignification {unknown}
 u - a potion of heal wounds {unknown}
Comestibles
 c - 2 bread rations
 j - 5 fruits
 l - a chunk of flesh
 q - a meat ration


   Skills:
 + Level 4.9 Fighting
 + Level 4.1 Axes
 * Level 3.4 Armour
 - Level 1.7 Dodging


You had 4 spell levels left.
You didn't know any spells.

Dungeon Overview and Level Annotations

Branches:
Dungeon (3/15)

Altars:
Yredelemnul

Annotations:
D:3 Ijyb


Innate Abilities, Weirdness & Mutations

You are resistant to torment.
Your stone body is resilient (AC +4).
You are immune to poison.
You resist negative energy.
You are resistant to electric shocks.
You can survive without breathing.
You are immune to petrification.
You are immune to rotting.


Message History

Trog accepts your kill.
Things that are here:
a dagger; a kobold corpse
j - 5 fruits You now have 100 gold pieces (gained 10).
You now have 107 gold pieces (gained 7).
You open the door.
There is an open door here.
Found a plate armour.
Ijyb the Twisted Goblin comes into view.
He is wielding an enchanted club.
Ijyb shouts!
Ijyb screams, "Me very upset!"
Ijyb zaps a wand.
You are blasted!
It is a wand of disintegration.
You see here a plate armour.
p - a plate armour Ijyb zaps a wand.
You are blasted!
Ijyb zaps a wand.
You are blasted!
* * * LOW HITPOINT WARNING * * *
Ijyb zaps a wand.
You are blasted!
You die...

#### ...# ######
...######### ......
......##...#######....#
......##...##.........##
.....##................
#....##...##...@g.#
##....##...##....?.# ##
......##...########....
.....####'##......#.....
.....'.(................
.....#.(...#......#.....
######.....#......# ....
...#..............# .
##.#.#.......######


You could see Ijyb.

Vanquished Creatures
  The ghost of George the Slasher, a weakling DsGl (D:3)
  An orc wizard (D:3)
  Robin (D:3)
  4 adders
  A worm (D:2)
  2 giant geckos (D:2)
  5 orcs (D:3)
  6 bats
  4 giant cockroaches
  13 goblins
  12 hobgoblins
  6 jackals (D:2)
  9 kobolds
  3 quokkas
  2 giant newts
  8 rats
78 creatures vanquished.

Vanquished Creatures (others)
  A hobgoblin (D:2)
1 creature vanquished.

Grand Total: 79 creatures vanquished

Notes
Turn   | Place    | Note
--------------------------------------------------------------
     0 | D:1      | tp1 the Gargoyle Berserker began the quest for the Orb.
     0 | D:1      | Reached XP level 1. HP: 14/14 MP: 1/1
    55 | D:1      | Reached XP level 2. HP: 10/19 MP: 2/2
   686 | D:1      | Acquired Trog's second power
   769 | D:2      | Reached skill level 4 in Fighting
   769 | D:2      | Reached XP level 3. HP: 24/24 MP: 3/3
   883 | D:2      | Reached XP level 4. HP: 25/30 MP: 4/4
  1436 | D:3      | Found a basalt altar of Yredelemnul.
  1451 | D:3      | Noticed Robin
  1454 | D:3      | Noticed George's ghost (weakling DsGl)
  1466 | D:3      | Killed Robin
  1470 | D:3      | Killed George's ghost
  1470 | D:3      | Reached XP level 5. HP: 34/34 MP: 5/5
  1873 | D:3      | Noticed Ijyb
  1878 | D:3      | Blown up by Ijyb

Vault maps used:
D:1:      evilmike_arrival_plus
D:2:      minmay_goblin_outpost
D:3:      hangedman_decor_push, yredelemnul_altar_generic, uniq_robin,
          uniq_iyjb, uniq_crazy_yiuf_cottage

Action                   |  1- 3 |  4- 6 || total
-------------------------+-------+-------++-------
Melee: Hand axe          |    99 |    98 ||   197
       Mace              |       |     9 ||     9
       Flail             |       |     5 ||     5
Invok: Berserk           |       |     1 ||     1
  Use: Scroll            |       |     8 ||     8
  Eat: Chunk             |       |     4 ||     4
